 Dungeon Crawl Stone Soup version bcrawl-1.40 (webtiles) character file.

Game seed: 17376905611119722102

10316452 zoran the Deadly Accurate (level 20, -2/162 HPs)
             Began as a Merfolk Monk on Oct 24, 2023.
             Was a High Priest of Lugonu.
             Slain by a death scarab (15 damage)
             ... summoned by a greater mummy
             ... led by Khufu
             ... on level 2 of the Crypt on Oct 25, 2023.
             The game lasted 01:56:37 (38796 turns).

zoran the Deadly Accurate (Merfolk Monk)           Turns: 38796, Time: 01:56:38

Health: -2/162     AC: 26    Str: 17    XL:     20   Next: 27%
Magic:  0/31       EV: 19    Int:  9    God:    Lugonu [*****.]
Gold:   585        SH:  0    Dex: 25    Spells: 19/19 levels left

rFire    . . .     GDR:     41% u - +1 bardiche (pain)
rCold    + . .     SeeInvis +   (shield currently unavailable)
rNeg     + . .     Gourm    .   a - +1 chain mail {rPois}
rPois    +         Faith    .   R - +2 helmet {SInv}
rElec    +         Spirit   +   C - +2 ratskin cloak {+Rats rN+, pickup}
rCorr    .         Reflect  .   b - +2 pair of gloves {Dex+3}
MR       +....                  S - +2 pair of boots {run}
Stlth    ..........             d - amulet of guardian spirit
HPRegen  0.37/turn              L - ring of protection from cold
MPRegen  0.22/turn              c - ring "Amnog" {+Fly rElec}

@: flayed, very slightly contaminated, slowed, studying Translocations, lightly
drained, very slow
A: change form in water, swift swim, stealthy swim
}: 2/15 runes: serpentine, barnacled
a: Depart the Abyss, Bend Space, Banish, Corrupt, Enter the Abyss, Renounce
Religion, Evoke Ratskin, Evoke Flight


You were on level 2 of the Crypt.
You worshipped Lugonu.
Lugonu was extremely pleased with you.
You were not hungry.

You visited 7 branches of the dungeon, and saw 29 of its levels.
You also visited: Bailey.

You collected 3169 gold pieces.
You spent 2584 gold pieces at shops.

Inventory:

Hand Weapons
 u - a +1 bardiche of pain (weapon)
 J - a +0 blowgun
Missiles
 i - 1110 steel javelins
 o - 1344 javelins (quivered)
 p - 1368 javelins of penetration {=f}
 F - 893 exploding tomahawks
 U - 2 throwing nets {=f}
 W - 56 curare-tipped needles
Armour
 a - a +1 chain mail of poison resistance (worn)
 b - a +2 pair of gloves of dexterity (worn)
 q - a scarf of resistance
 A - the +3 warlock's mirror {reflect}
   (You found it on level 10 of the Dungeon)
 C - the +2 ratskin cloak (worn) {+Rats rN+, pickup}
   (Lugonu gifted it to you on level 2 of the Vaults)

   It protects you from negative energy.
 R - a +2 helmet of see invisible (worn)
 S - a +2 pair of boots of running (worn)
Jewellery
 c - the ring "Amnog" (right hand) {+Fly rElec}
   (You found it on level 1 of the Snake Pit)

   [ring of flight]

   It insulates you from electricity.
   It lets you fly.
 d - an amulet of guardian spirit (around neck)
 L - a ring of protection from cold (left hand)
Wands
 l - a wand of scattershot (1)
 v - a wand of disintegration (24)
 B - a wand of polymorph (27)
 I - a wand of digging (7)
 K - a wand of clouds (7)
 P - a wand of charming (2)
 V - a wand of flame (19)
 Y - a wand of iceblast (17)
Scrolls
 f - 20 scrolls of remove curse
 g - 4 scrolls of blinking
 h - 4 scrolls of enchant weapon
 m - 2 scrolls of revelation
 n - 11 scrolls of teleportation
 r - a scroll of immolation
 y - a scroll of enchant armour
 z - 3 scrolls of fear
 D - a scroll of vulnerability
 E - 5 scrolls of fog
Potions
 k - 12 potions of curing
 s - 5 potions of heal wounds
 w - 6 potions of cancellation
 x - a potion of agility
 G - 2 potions of magic
 H - 4 potions of might
 M - 3 potions of ambrosia
 O - 2 potions of haste
 Q - 6 potions of flight
 T - 2 potions of brilliance
 X - 3 potions of lignification
 Z - a potion of invisibility
Miscellaneous
 j - a phial of floods
 t - a box of beasts
Comestibles
 e - 32 rations {!d}


   Skills:
 - Level 15.0(14.6) Fighting
 - Level 14.0(13.6) Polearms
 + Level 16.4(16.1) Throwing
 - Level 10.0(9.6) Armour
 - Level 15.0(14.6) Dodging
 - Level 5.0(4.7) Stealth
 - Level 8.0(7.6) Shields
 - Level 12.0(11.6) Invocations
 - Level 15.0(14.6) Evocations


You had 19 spell levels left.
You didn't know any spells.
Your spell library contained the following spells:

 Spells                   Type           Power        Failure   Level  Hunger
 Magic Dart               Conj           #...         99%         1    None
 Slow                     Hex            #.......     99%         1    None
 Static Discharge         Air            #.....       99%         1    None
 Summon Butterflies       Summ           #.......     99%         1    None
 Ensorcelled Hibernation  Hex/Ice        #.....       99%         2    ####...
 Passwall                 Tmut/Erth      #.......     99%         2    ####...
 Searing Ray              Conj           #.......     99%         2    ####...
 Shock                    Conj/Air       #......      99%         2    ####...
 Swiftness                Chrm/Air       #.......     99%         2    ####...
 Call Canine Familiar     Summ           #.......     100%        3    #####..
 Confuse                  Hex            #.......     100%        3    #####..
 Dazzling Orbs            Conj/Hex       #......      100%        3    #####..
 Iskenderun's Mystic Bla  Conj           #.......     100%        3    #####..
 Mephitic Cloud           Conj/Pois/Air  #.......     100%        3    #####..
 Stone Arrow              Conj/Erth      #.....       100%        3    #####..
 Tukima's Dance           Hex            #.......     100%        3    #####..
 Cause Fear               Hex            #.........   100%        4    ######.
 Fulminant Prism          Conj/Hex       #.........   100%        4    ######.
 Lightning Bolt           Conj/Air       #.......     100%        4    ######.
 Summon Ice Beast         Ice/Summ       #.......     100%        4    ######.
 Throw Icicle             Conj/Ice       #.......     100%        4    ######.
 Bolt of Draining         Conj/Necr      #.........   100%        5    #######
 Bolt of Magma            Conj/Fire/Erth #.........   100%        5    #######
 Fireball                 Conj/Fire      #.........   100%        5    #######
 Freezing Cloud           Ice/Air        #.......     100%        5    #######
 Irradiate                Conj/Tmut      #.........   100%        5    #######
 Steam Barrier            Chrm/Fire      #.........   100%        5    #######
 Summon Lightning Spire   Summ/Air       #.......     100%        5    #######
 Summon Mana Viper        Hex/Summ       #.......     100%        5    #######
 Bolt of Cold             Conj/Ice       #.........   100%        6    #######
 Bolt of Fire             Conj/Fire      #.........   100%        6    #######
 Conjure Ball Lightning   Conj/Air       #.........   100%        6    #######
 Iron Shot                Conj/Erth      #.........   100%        6    #######
 Poison Arrow             Conj/Pois      #.........   100%        6    #######
 Simulacrum               Ice/Necr       #.......     100%        6    #######
 Summon Hydra             Summ           #.........   100%        6    #######
 Monstrous Menagerie      Summ           #.........   100%        7    #######
 Scorpion Form            Tmut/Pois      #.........   100%        7    #######
 Chain Lightning          Conj/Air       #.........   100%        8    #######
 Ignition                 Hex/Fire       #.........   100%        8    #######


Dungeon Overview and Level Annotations

Branches:
Dungeon (12/12)            Temple (0/1) D:6            Lair (6/6) D:7
 Shoals (3/3) Lair:2        Snake (3/3) Lair:3        Slime (0/5) Orc
    Orc (1/1) D:10         Vaults (2/3) D:11         Forest (0/3) Lair:6
  Crypt (2/2) Vaults:2     Depths (0/5) D:12
   Tomb: Crypt:2

Altars:
Cheibriados
Dithmenos
Hepliaklqana
Kikubaaqudgha
Lugonu
Makhleb
Nemelex Xobeh
Qazlal
Ru
Sif Muna
Trog
Xom
Yredelemnul
Zin
The Shining One
Jiyva

Shops:
D:12 =   Orc ==[((   Shoals:1 }   Snake:2 =}=   Vaults:1 [:!   Vaults:2 *

Annotations:
Lair:2 1 runed translucent door, yrara's ghost, journeyman DsFi
Lair:5 1 runed door
Lair:6 2 runed doors
Snake:1 corrupted Orc 3 runed translucent doors, yrara's ghost, journeyman DsFi
Crypt:1 2 transporters, exclusion: orange crystal statue
Crypt:2 corrupted, Khufu
Abyss:1 Joseph


Message History

The death scarab completely misses you. The death scarab closely misses you.
The death scarab bites you but does no damage.
You hear a chilling moan.
The death scarab closely misses you.
The death scarab bites you but does no damage.
There is an open door here.
The death scarab barely misses you. The death scarab completely misses you.
The death scarab completely misses you.
The death scarab bites you but does no damage.
The death scarab bites you.
* * * LOW HITPOINT WARNING * * *
The death scarab draws strength from your injuries!
The death scarab bites you but does no damage.
The death scarab bites you!!
* * * LOW HITPOINT WARNING * * *
The death scarab drains your vigour!
You feel yourself slow down.
The death scarab draws strength from your injuries!
The death scarab bites you!!
You die...

DWM#W5...##..........#
#WsMW2.#.##....#####.#
.s.(XsD.#......#...#.#
..x#ws...#.....#.....#
.#....ยง..##..#.'...#.#
..y...#...#..#.#...'.#
#.....#....#.#.#...#.#
..........#..#.#ss.#.#
......8......#.#@s.#.#
.............#.#...#.#
8....#8......#.#####.#
.............#.......#
8.....8......#.#####.#
..........#..#.# #.#
#.....#...#..#.# #.#
...########.# #.# #...#
#.#


You could see 3 death scarabs.

Vanquished Creatures
  A juggernaut (Vaults:2)
  A bone dragon (Vaults:1)
  A lich (Crypt:1)
  An ancient champion (Crypt:1)
  3 ghouls
  3 revenants
  A deep elf sorcerer (Vaults:2)
  Aizul (Snake:1)
  2 vault wardens
  3 stone giants (Vaults:2)
  5 ironheart preservers
  3 jiangshi (Crypt:1)
  3 very ugly things (Vaults:1)
  An elemental wellspring (Shoals:2)
  3 vampire knights (Crypt:1)
  2 deep elf demonologists (Vaults:2)
  3 deep elf annihilators
  3 eidola
  6 dire elephants
  A merfolk javelineer (Shoals:3)
  4 fire dragons
  A mummy priest (Crypt:1)
  3 deep elf death magi
  2 merfolk impalers (Shoals:3)
  2 yaktaur captains
  A rakshasa (Vaults:1)
  An ice dragon (shapeshifter) (Snake:3)
  12 vault guards
  3 ice dragons (Vaults:2)
  A merfolk aquamancer (Shoals:3)
  11 naga warriors
  11 hydras
  A shadow wraith (Vaults:2)
  9 anacondas
  A great orb of eyes (Vaults:2)
  4 alligator snapping turtles
  A deep troll shaman (Vaults:1)
  3 merfolk avatars
  22 two-headed ogres
  2 death knights (Crypt:1)
  4 vampire magi
  A satyr (Shoals:3)
  4 ogre magi
  A deep troll earth mage (Vaults:1)
  9 naga sharpshooters
  2 ironheart beastmasters
  2 sea snakes
  4 shock serpents
  8 deep trolls (Vaults:1)
  9 centaur warriors
  2 soul eaters (Crypt:1)
  Nergalle (D:11)
  2 deep elf knights (D:12)
  13 skeletal warriors
  2 salamander mystics
  3 flayed ghosts
  An unseen horror (D:12)
  A storm dragon skeleton (Crypt:1)
  A spectral anaconda (Crypt:2)
  8 wizards (D:10)
  5 necromancers
  A deep elf archer (D:12)
  3 wolf spider zombies
  Pikel (D:6)
  A spectral iron dragon (Crypt:2)
  5 naga ritualists
  5 phantasmal warriors
  7 ironheart convokers
  A shadow dragon zombie (Crypt:1)
  4 orc knights
  A lindwurm (Lair:6)
  A wolf spider (shapeshifter) (Snake:3)
  2 cyclopes (D:12)
  3 mana vipers
  4 orc sorcerers (D:12)
  5 harpies (Shoals:3)
  2 iron dragon zombies (Crypt:1)
  5 naga magi
  8 deep elf magi
  An oklob plant (Lair:1)
  3 fauns (Shoals:3)
  A shining eye (Snake:3)
  6 salamanders
  A guardian serpent (shapeshifter) (Vaults:1)
  9 manticores
  A fire giant skeleton (Crypt:1)
  3 cane toads
  5 elephants
  4 merfolk sirens
  18 black mambas
  2 water nymphs
  6 vault sentinels
  4 guardian serpents
  A stone giant skeleton (Crypt:1)
  A gargoyle (D:11)
  2 rime drakes
  A torpor snail (Lair:4)
  10 yaktaurs
  An efreet (D:12)
  A jumping spider (Snake:3)
  An eye of draining (D:10)
  2 dire elephant skeletons
  10 freezing wraiths
  2 eyes of draining (shapeshifter)
  A ghost moth simulacrum (Crypt:1)
  A tengu conjurer (D:11)
  7 komodo dragons
  5 flying skulls (Crypt:1)
  A minotaur skeleton (Crypt:1)
  7 trolls
  A guardian mummy (Crypt:1)
  14 merfolk
  2 queen bees (shapeshifter)
  A death drake zombie (Crypt:1)
  5 harpy skeletons
  2 wind drakes (Shoals:1)
  13 blink frogs
  A bog body (Crypt:1)
  A sphinx simulacrum (Vaults:2)
  A slime creature (shapeshifter) (Vaults:2)
  A blink frog (shapeshifter) (D:8)
  A death drake skeleton (Crypt:2)
  15 slime creatures
  13 dream sheep
  6 hippogriffs
  9 snapping turtles
  A spriggan (D:7)
  2 water elementals
  4 wyverns
  3 shadows
  A fire dragon skeleton (Crypt:1)
  35 yaks
  A hog (shapeshifter) (D:10)
  A basilisk (D:10)
  4 wraiths
  Eustachio (D:5)
  A fire bat (shapeshifter) (Snake:3)
  6 vampire mosquitoes (D:11)
  A hungry ghost (D:8)
  3 wargs
  18 nagas
  A hell hound (Lair:6)
  10 crocodiles
  A floating eye (Shoals:3)
  6 water moccasins
  9 porcupines
  A hornet zombie (D:11)
  12 orc warriors
  A lindwurm zombie (Crypt:1)
  6 ice beasts
  4 slaves
  A swamp dragon zombie (Crypt:1)
  2 black bears
  2 sky beasts (D:7)
  A cane toad skeleton (Crypt:1)
  2 necrophages
  6 phantoms
  4 boggarts (D:12)
  27 ogres
  16 wolves
  9 bullfrogs
  A swamp dragon skeleton (Crypt:1)
  A hog zombie (Crypt:1)
  2 kobold brigands
  5 scorpions
  13 centaurs
  A cyclops skeleton (Crypt:1)
  A human simulacrum (Vaults:1)
  3 killer bees (D:8)
  9 orc priests
  3 howler monkeys
  An electric eel (Lair:3)
  7 crimson imps
  5 hounds
  18 orc wizards
  A human zombie (Crypt:1)
  A gnoll shaman (D:7)
  An iguana (D:12)
  4 hell rats (Lair:3)
  5 worker ants
  8 ogre zombies (D:10)
  A hound zombie (D:9)
  2 worker ant zombies
  4 gnolls (D:7)
  10 adders
  A shadow imp (D:9)
  2 oozes
  A lava snake zombie (Crypt:2)
  2 adder skeletons
  4 worms
  2 dart slugs (D:1)
  2 leopard geckos
  40 orcs
  4 giant cockroaches
  6 goblins
  9 hobgoblins
  13 jackals
  A quokka (D:4)
  A ball python (D:1)
  6 bats
  2 frilled lizards
  A goblin skeleton (D:10)
  2 goblin zombies (D:10)
  A hobgoblin skeleton (D:10)
  7 hobgoblin zombies (D:10)
  19 kobolds
  2 leopard gecko skeletons
  5 orc skeletons (D:10)
  9 orc zombies (D:10)
  A quokka skeleton (D:4)
  2 rats
  3 plants
946 creatures vanquished.

Vanquished Creatures (collateral kills)
  Donald (Vaults:2)
  A vault warden (Vaults:1)
  An ironheart preserver (Vaults:1)
  An ogre mage (Orc)
  A mana viper (Snake:1)
  A black mamba (Snake:3)
  An ogre (Orc)
  2 dream sheep (Lair:6)
  A naga (Snake:3)
  An orc warrior (Orc)
11 creatures vanquished.

Vanquished Creatures (others)
  A sphinx (shapeshifter) (D:8)
  An ironheart preserver (Vaults:1)
  6 merfolk impalers (Shoals:3)
  3 merfolk javelineers (Shoals:3)
  A merfolk avatar (Shoals:3)
  2 naga warriors
  3 two-headed ogres
  2 merfolk aquamancers (Shoals:3)
  2 sea snakes
  A shock serpent (Snake:3)
  A naga sharpshooter (Snake:3)
  A centaur warrior (D:11)
  A naga ritualist (Snake:1)
  A deep elf archer (Vaults:2)
  A cyclops (D:12)
  An orc knight (D:10)
  A naga mage (D:12)
  A mana viper (Snake:1)
  A manticore (Shoals:3)
  A salamander (Snake:3)
  A guardian serpent (Snake:1)
  A black mamba (Lair:6)
  A cane toad (Lair:3)
  5 yaktaurs
  A water moccasin (Lair:6)
  A wind drake (Shoals:3)
  A hippogriff (Lair:6)
  A vampire (D:10)
  A naga (Snake:1)
  2 centaurs (D:11)
  11 fungi
  37 plants
  6 starspawn tentacles
  10 toadstools (Lair:5)
111 creatures vanquished.

Grand Total: 1068 creatures vanquished

Notes
Turn   | Place    | Note
-------+----------+-------------------------------------------
     0 | D:1      | zoran the Merfolk Monk began the quest for the Orb.
     0 | D:1      | Reached XP level 1. HP: 18/18 MP: 2/2
   177 | D:1      | Reached XP level 2. HP: 8/24 MP: 0/3
   577 | D:1      | Reached XP level 3. HP: 29/29 MP: 4/4
  1082 | D:2      | Found a stormy altar of Qazlal.
  1125 | D:2      | Found a corrupted altar of Lugonu.
  1153 | D:2      | Became a worshipper of Lugonu the Unformed
  1153 | D:2      | Reached ** piety under Lugonu
  1211 | D:2      | Reached skill level 5 in Polearms
  1322 | D:2      | Reached *** piety under Lugonu
  1594 | D:2      | Reached XP level 4. HP: 37/37 MP: 5/5
  1809 | D:3      | Reached skill level 5 in Dodging
  1864 | D:3      | Noticed a crocodile
  2029 | D:3      | Found a hazy altar of Hepliaklqana.
  2265 | D:3      | Found a faded altar of an unknown god.
  2389 | D:3      | Found a shimmering blue altar of Sif Muna.
  2482 | D:3      | Reached skill level 1 in Armour
  2482 | D:3      | Reached XP level 5. HP: 42/42 MP: 7/7
  2737 | D:4      | Found a bloodstained altar of Trog.
  3654 | D:5      | Entered Level 5 of the Dungeon
  3662 | D:5      | Reached XP level 6. HP: 48/48 MP: 9/9
  3728 | D:5      | Noticed Eustachio
  3755 | D:5      | Killed Eustachio
  3756 | D:5      | Reached skill level 5 in Invocations
  3860 | D:5      | Reached skill level 1 in Evocations
  3917 | D:5      | Found a sacrificial altar of Ru.
  4269 | D:5      | Reached XP level 7. HP: 50/55 MP: 8/10
  4543 | D:5      | Found the +2 cloak of the Thief {+Fog +Inv Slay-2 SInv
                  | Stlth+}
  4625 | D:5      | Found a snail-covered altar of Cheibriados.
  4876 | D:6      | Found a shadowy altar of Dithmenos.
  4910 | D:6      | Got a brightly glowing golden ring
  4967 | D:6      | Reached skill level 5 in Fighting
  4968 | D:6      | Noticed Pikel
  4992 | D:6      | Reached **** piety under Lugonu
  5267 | D:6      | Found a sparkling altar of Nemelex Xobeh.
  5279 | D:6      | Found a burning altar of Makhleb.
  5283 | D:6      | Found a glowing golden altar of the Shining One.
  5373 | D:6      | Found a staircase to the Ecumenical Temple.
  5523 | D:6      | Killed Pikel
  5524 | D:6      | Reached XP level 8. HP: 62/64 MP: 11/11
  5538 | D:7      | Noticed a wyvern
  5555 | D:6      | Killed a wyvern
  5555 | D:6      | Received a gift from Lugonu
  5556 | D:6      | Reached skill level 5 in Evocations
  5598 | D:7      | Reached skill level 1 in Throwing
  5617 | D:7      | Reached XP level 9. HP: 67/69 MP: 11/13
  5689 | D:7      | Found a basalt altar of Yredelemnul.
  5830 | D:7      | Noticed a two-headed ogre
  6008 | D:7      | Found a sparkling altar of Nemelex Xobeh.
  6030 | D:7      | Reached skill level 2 in Throwing
  6061 | D:7      | Got a flickering glass ring
  6191 | D:7      | Identified the ring "Votutaq" {+Fly Str+2} (You found it on
                  | level 6 of the Dungeon)
  6193 | D:7      | Identified the cursed ring of the Priest {-Tele rElec Str+3
                  | Stlth--} (You found it on level 7 of the Dungeon)
  6440 | D:7      | Found a staircase to the Lair.
  6496 | D:7      | Reached skill level 3 in Throwing
  6711 | D:7      | Noticed Joseph
  6714 | D:7      | Banished Joseph
  7096 | D:7      | Killed a two-headed ogre
  7097 | D:7      | Reached skill level 4 in Throwing
  7097 | D:7      | Reached XP level 10. HP: 80/80 MP: 13/15
  7228 | D:8      | Found a shimmering altar of Xom.
  7228 | D:8      | Found a shimmering altar of Xom.
  7231 | D:8      | Found a shimmering altar of Xom.
  7231 | D:8      | Found a shimmering altar of Xom.
  7232 | D:8      | Found a shimmering altar of Xom.
  7634 | D:8      | Noticed a six-headed hydra
  7708 | D:8      | Noticed an azure jelly
  7725 | D:9      | Received a gift from Lugonu
  7899 | D:9      | Reached skill level 5 in Throwing
  7912 | D:9      | Found an ancient bone altar of Kikubaaqudgha.
  7989 | Lair:1   | Entered Level 1 of the Lair of Beasts
  8046 | D:7      | Received a gift from Lugonu
  8286 | Lair:1   | Reached skill level 10 in Dodging
  8394 | Lair:1   | Reached XP level 11. HP: 89/89 MP: 17/17
  8472 | Lair:1   | Noticed an oklob plant
  8602 | Lair:1   | Received a gift from Lugonu
  9172 | Lair:1   | Killed an oklob plant
  9277 | Lair:2   | Reached skill level 6 in Throwing
  9279 | Lair:2   | Noticed a sea snake
  9279 | Lair:2   | a merfolk siren changed into a sea snake
  9296 | Lair:2   | Banished a sea snake
  9333 | Lair:2   | Reached skill level 10 in Fighting
  9752 | Lair:2   | Found a staircase to the Shoals.
  9784 | Lair:2   | Reached skill level 10 in Invocations
  9951 | Lair:2   | Received a gift from Lugonu
  9952 | Lair:2   | Reached skill level 7 in Throwing
  9958 | Lair:2   | Identified a +1 pair of boots of running (Lugonu gifted it
                  | to you on level 2 of the Lair of Beasts)
  9997 | Lair:2   | Found a runed translucent door.
 10459 | Lair:2   | Noticed yrara's ghost (journeyman DsFi)
 10605 | Lair:3   | Found a staircase to the Snake Pit.
 10718 | Lair:3   | Reached skill level 8 in Throwing
 10763 | Lair:3   | Noticed a seven-headed hydra
 11147 | Lair:3   | Reached skill level 9 in Throwing
 11617 | Lair:4   | Reached XP level 12. HP: 83/97 MP: 17/19
 11692 | Lair:4   | Reached skill level 10 in Throwing
 11750 | Lair:4   | Noticed a four-headed hydra
 11759 | Lair:4   | Killed a four-headed hydra
 11808 | Lair:4   | Reached skill level 5 in Armour
 11981 | Lair:4   | Killed a seven-headed hydra
 12671 | Lair:5   | Noticed an eight-headed hydra
 12711 | Lair:5   | Reached skill level 5 in Stealth
 12795 | Lair:4   | Killed an eight-headed hydra
 12956 | Lair:5   | Noticed a four-headed hydra
 12963 | Lair:5   | Killed a four-headed hydra
 12964 | Lair:5   | Reached skill level 10 in Polearms
 13254 | Lair:5   | Noticed an eight-headed hydra
 13286 | Lair:5   | Killed an eight-headed hydra
 13309 | Lair:5   | Found a runed door.
 13500 | Lair:6   | Entered Level 6 of the Lair of Beasts
 13522 | Lair:5   | Reached XP level 13. HP: 38/103 MP: 10/20
 14510 | Lair:6   | Found a staircase to the Spriggan Forest.
 14984 | Lair:6   | Noticed a dire elephant
 15343 | Lair:6   | Killed a dire elephant
 15563 | Lair:6   | Found a large runed door.
 15563 | Lair:6   | Found a large runed door.
 15990 | D:8      | Noticed a sphinx
 15991 | D:8      | Banished a sphinx
 16146 | D:9      | Reached skill level 10 in Evocations
 16274 | D:9      | Received a gift from Lugonu
 16994 | D:10     | Entered Level 10 of the Dungeon
 16996 | D:10     | Found a hazy altar of Hepliaklqana.
 17058 | D:10     | Received a gift from Lugonu
 17081 | D:10     | Found a staircase to the Orcish Mines.
 17153 | D:10     | Received a gift from Lugonu
 18048 | D:10     | Reached XP level 14. HP: 111/111 MP: 9/21
 18239 | D:10     | Found the +3 warlock's mirror {reflect}
 18270 | D:10     | Reached skill level 11 in Throwing
 18637 | Orc      | Entered the Orcish Mines
 19088 | Orc      | Reached skill level 12 in Throwing
 19543 | Orc      | Found Odwats's Antique Weapon Shoppe.
 19543 | Orc      | Found Miunuler's Jewellery Shop.
 19544 | Orc      | Found Qiroh's Antique Armour Shoppe.
 19544 | Orc      | Found Neuvu's Weapon Boutique.
 19557 | Orc      | Bought an ancient helmet for 304 gold pieces
 19567 | Orc      | Identified the +2 helmet "Rahecwoiv" {Dex+3} (You bought it
                  | in a shop in the Orcish Mines)
 19575 | Orc      | Bought a pair of embroidered gloves for 240 gold pieces
 19575 | Orc      | Noticed Sonja
 19581 | Orc      | Noticed Sonja
 19581 | Orc      | Sonja changed into Sonja the black bear
 19583 | Orc      | Killed Sonja the black bear
 19648 | Orc      | Found a roughly hewn altar of Beogh.
 19727 | Orc      | Found a viscous altar of Jiyva.
 19728 | Orc      | Found a staircase to the Slime Pits.
 19730 | Orc      | Found Hickoas's Jewellery Shop.
 19945 | Orc      | Found a runed translucent gate.
 19945 | Orc      | Found a runed translucent gate.
 19946 | Orc      | Found a runed translucent gate.
 19948 | Orc      | Noticed yrara's ghost (journeyman DsFi)
 20190 | D:11     | Reached skill level 1 in Shields
 20190 | D:11     | Received a gift from Lugonu
 20231 | D:11     | Found a shimmering blue altar of Sif Muna.
 20256 | D:11     | Found a gate to the Vaults.
 20267 | D:11     | Reached XP level 15. HP: 116/123 MP: 22/22
 20420 | D:11     | Found a flagged portal.
 20451 | Bailey   | Entered a bailey
 20516 | Bailey   | Received a gift from Lugonu
 20712 | Bailey   | Identified the Compendium of the Congealing Mountains
 20769 | Bailey   | Received a gift from Lugonu
 20856 | D:11     | Noticed Nergalle
 20891 | D:11     | Killed Nergalle
 21725 | D:11     | Identified Sif Muna's Compendium of Companions
 21778 | D:12     | Entered Level 12 of the Dungeon
 22132 | Shoals:1 | Entered Level 1 of the Shoals
 22315 | Shoals:1 | Found Ziarreh's Gadget Shop.
 22348 | Shoals:1 | Bought a wand of clouds (5) for 180 gold pieces
 23850 | Shoals:3 | Entered Level 3 of the Shoals
 24769 | Shoals:3 | Reached XP level 16. HP: 75/134 MP: 14/23
 24915 | Shoals:3 | Reached skill level 5 in Shields
 25007 | Shoals:3 | Got a barnacled rune of Zot
 25066 | Shoals:3 | Reached skill level 15 in Fighting
 25223 | Snake:1  | Entered Level 1 of the Snake Pit
 25448 | D:11     | Reached skill level 15 in Dodging
 25880 | D:12     | Found Teunko's Jewellery Emporium.
 26003 | D:12     | Identified the +8 crystal plate armour of the Devil's Team
                  | {rPois Int+3 Slay+2} (Lugonu gifted it to you on level 12
                  | of the Dungeon)
 26003 | D:12     | Received a gift from Lugonu
 26348 | D:12     | Found a glowing silver altar of Zin.
 26658 | D:12     | Found a staircase to the Depths.
 26978 | Snake:1  | Noticed Aizul
 27001 | Snake:1  | Killed Aizul
 27195 | Snake:1  | Corrupted Snake:1
 27195 | Snake:1  | Noticed a tentacled starspawn
 27196 | Snake:1  | Noticed a lich
 27203 | Snake:1  | Noticed a bone dragon
 27206 | Snake:1  | Reached XP level 17. HP: 30/142 MP: 1/24
 27415 | Snake:1  | Noticed a tentacled starspawn
 27691 | Snake:1  | Identified the ring "Amnog" {+Fly rElec}
 28961 | Snake:2  | Found Teamy's Jewellery Emporium.
 28964 | Snake:2  | Found Fata's Gadget Boutique.
 28966 | Snake:2  | Found Tusoug's Jewellery Emporium.
 28975 | Snake:2  | Bought a wand of clouds (6) for 399 gold pieces
 28975 | Snake:2  | Bought a wand of iceblast (15) for 456 gold pieces
 28975 | Snake:2  | Bought a phial of floods for 760 gold pieces
 28975 | Snake:2  | Bought a wand of polymorph (5) for 45 gold pieces
 29135 | Snake:3  | Entered Level 3 of the Snake Pit
 29857 | Snake:3  | Found a shimmering altar of Xom.
 29857 | Snake:3  | Found a shimmering altar of Xom.
 31061 | Snake:3  | Found a shimmering altar of Xom.
 31061 | Snake:3  | Found a shimmering altar of Xom.
 31061 | Snake:3  | Found a shimmering altar of Xom.
 31232 | Snake:3  | Found a shimmering altar of Xom.
 31237 | Snake:3  | Found a shimmering altar of Xom.
 31239 | Snake:3  | Got a serpentine rune of Zot
 31554 | Vaults:1 | Entered Level 1 of the Vaults
 31801 | Vaults:1 | Reached XP level 18. HP: 149/149 MP: 27/27
 32279 | Vaults:1 | Found Fephuh's Armour Emporium.
 32295 | Vaults:1 | Found Fopre's Book Shoppe.
 32842 | Vaults:1 | Reached ***** piety under Lugonu
 32846 | Vaults:1 | Received a gift from Lugonu
 33118 | Vaults:1 | Reached skill level 10 in Armour
 33446 | Vaults:1 | Found Ucor's Distillery.
 33701 | Vaults:2 | Found Ziehoug's General Store.
 33723 | Vaults:2 | Bought a box of beasts for 200 gold pieces
 33957 | Vaults:2 | Received a gift from Lugonu
 34089 | Vaults:2 | Noticed a bone dragon
 34150 | Vaults:1 | Killed a bone dragon
 34476 | Vaults:2 | Received a gift from Lugonu
 34477 | Vaults:2 | Found the +2 ratskin cloak {+Rats rN+}
 34666 | Vaults:2 | Reached XP level 19. HP: 135/155 MP: 29/29
 34735 | Vaults:2 | Identified the +5 robe "Hoem" {+Inv}
 34798 | Vaults:2 | Found a staircase to the Crypt.
 35065 | Vaults:2 | Noticed a juggernaut
 35075 | Vaults:2 | Reached skill level 15 in Evocations
 35431 | Vaults:2 | Noticed Donald
 35951 | Vaults:2 | Killed Donald
 35952 | Vaults:2 | Reached skill level 13 in Throwing
 35976 | Vaults:2 | Killed a juggernaut
 36535 | Crypt:1  | Entered Level 1 of the Crypt
 36686 | Vaults:2 | Reached skill level 14 in Throwing
 36892 | Crypt:1  | Found a transporter.
 36892 | Crypt:1  | Noticed a lich
 36892 | Crypt:1  | Noticed a lich
 36893 | Crypt:1  | Noticed a lich
 37150 | Crypt:1  | Found a transporter.
 37386 | Crypt:1  | Reached skill level 15 in Throwing
 37598 | Crypt:1  | Noticed a lich
 37621 | Crypt:1  | Killed a lich
 37640 | Crypt:1  | Found an ancient bone altar of Kikubaaqudgha.
 37731 | Crypt:1  | Reached XP level 20. HP: 157/162 MP: 28/31
 38165 | Crypt:1  | Found an ancient bone altar of Kikubaaqudgha.
 38358 | Crypt:1  | Received a gift from Lugonu
 38359 | Crypt:1  | Reached skill level 16 in Throwing
 38523 | Crypt:2  | Entered Level 2 of the Crypt
 38696 | Crypt:2  | Received a gift from Lugonu
 38780 | Crypt:2  | Noticed Khufu
 38780 | Crypt:2  | Noticed a greater mummy
 38780 | Crypt:2  | Noticed a greater mummy
 38781 | Crypt:2  | Corrupted Crypt:2
 38781 | Crypt:2  | Noticed a bone dragon
 38796 | Crypt:2  | Slain by a death scarab

Skill      XL: |  1  2  3  4  5  6  7  8  9 10 11 12 13 14 15 16 17 18 19 20 |
---------------+-------------------------------------------------------------+-----
Stealth        | 3 5 |  5.0
Polearms       | 5 8 11 14 | 14.0
Fighting       | 4 6 7 9 10 13 14 15 | 15.0
Dodging        | 5 6 8 10 11 14 15 | 15.0
Invocations    | 3 4 5 7 8 10 12 | 12.0
Armour         | 1 2 3 5 8 10 | 10.0
Evocations     | 1 4 5 7 10 11 14 15 | 15.0
Throwing       | 1 4 5 9 10 12 15 16 | 16.4
Shields        | 1 4 8 |  8.0

Action                   |  1- 3 |  4- 6 |  7- 9 | 10-12 | 13-15 | 16-18 | 19-21 || total
-------------------------+-------+-------+-------+-------+-------+-------+-------++-------
Melee: Spear             |   184 |   139 |   215 |   221 |       |       |       ||   759
       Trident           |       |       |       |   147 |   961 |   733 |    22 ||  1863
       Tailslap          |       |       |       |       |    10 |     6 |       ||    16
       Bardiche          |       |       |       |       |       |       |    70 ||    70
 Fire: Blowgun           |       |       |     7 |     6 |    10 |       |     3 ||    26
Throw: Tomahawk          |       |     4 |    26 |    29 |   129 |    22 |       ||   210
       Javelin           |       |       |       |   236 |   407 |   879 |   517 ||  2039
Invok: Bend Space        |       |       |     1 |     8 |    19 |     5 |     3 ||    36
       Banish            |       |       |     1 |     3 |     7 |     1 |       ||    12
       Corrupt           |       |       |       |       |       |     1 |     1 ||     2
 Abil: Evoke Invisibilit |       |       |       |       |     1 |       |       ||     1
Evoke: Wand              |       |       |       |     2 |    27 |    18 |     6 ||    53
       Phial of floods   |       |       |       |       |       |     1 |     3 ||     4
       Box of beasts     |       |       |       |       |       |       |     1 ||     1
  Use: Scroll            |     1 |     4 |     6 |     9 |    12 |     5 |     3 ||    40
       Potion            |       |       |       |     2 |     2 |     5 |     2 ||    11
 Stab: Sleeping          |     8 |     5 |     3 |     3 |     6 |     1 |       ||    26
       Distracted        |     1 |     1 |     1 |       |     3 |     1 |       ||     7
       Invisible         |       |       |       |       |     2 |     2 |       ||     4
       Confused          |       |       |       |       |       |     3 |       ||     3
  Eat: Chunk             |     6 |    11 |    15 |    22 |    49 |    46 |    17 ||   166
       Ration            |       |       |       |     4 |     4 |     8 |     3 ||    19
Armor: Robe              |    18 |       |       |       |       |       |       ||    18
       Ring mail         |       |    29 |    21 |    51 |   136 |    32 |       ||   269
       Chain mail        |       |       |       |       |       |   257 |   124 ||   381
Dodge: Dodged            |    95 |    77 |    93 |   346 |   689 |   619 |   198 ||  2117
Block: Buckler           |       |       |       |       |    73 |   500 |    41 ||   614
       Reflection        |       |       |       |       |    10 |    98 |     8 ||   116
